 Dungeon Crawl Stone Soup version 0.30.1-11-g7821555f0a (webtiles) character file.

Game seed: 4810451065207206867

16221 Peloso the Carver (level 12, -8/110 HPs)
             Began as a Minotaur Fighter on Nov 1, 2023.
             Was a High Priest of Okawaru.
             Killed from afar by a frost giant (32 damage)
             ... with a bolt of cold
             ... on level 12 of the Dungeon.
             The game lasted 00:24:07 (11846 turns).

Peloso the Carver (Minotaur Fighter)               Turns: 11846, Time: 00:24:07

Health: -8/110     AC: 20    Str: 22    XL:     12   Next: 8%
Magic:  0/12       EV: 15    Int:  5    God:    Okawaru [*****.]
Gold:   754        SH:  8    Dex: 14    Spells: 11/11 levels left

rFire   . . .        a - +3 long sword (freeze)
rCold   . . .        d - +0 buckler
rNeg    . . .        y - +0 plate armour
rPois   .            (helmet restricted)
rElec   .            P - +0 cloak
rCorr   .            (no gloves)
SInv    .            q - +0 pair of boots
Will    +....        D - amulet of guardian spirit Stlth
                     m - +5 ring of evasion
HPRegen 0.38/turn    r - ring of willpower
MPRegen 0.13/turn

%: guardian spirit
@: heroic, studying Conjurations
A: horns 2, retaliatory headbutt
a: Renounce Religion, Heroism, Finesse, Duel


You were on level 12 of the Dungeon.
You worshipped Okawaru.
Okawaru was extremely pleased with you.
You visited 2 branches of the dungeon, and saw 13 of its levels.

You collected 830 gold pieces.
You spent 76 gold pieces at shops.

Inventory:

Hand Weapons
 a - a +3 long sword of freezing (weapon)
 b - a +0 short sword of flaming
 c - a +4 falchion
Missiles
 B - a throwing net (quivered)
Armour
 d - a +0 buckler (worn)
 q - a +0 pair of boots (worn)
 y - a +0 plate armour (worn)
 P - a +0 cloak (worn)
 R - a +2 chain mail of poison resistance
Jewellery
 m - a +5 ring of evasion (left hand)
 n - a ring of magical power
 r - a ring of willpower (right hand)
 t - a ring of fire
 C - a ring of see invisible
 D - an amulet of guardian spirit (around neck)
 T - a ring of positive energy
Wands
 A - a wand of flame (58)
 L - a wand of paralysis (17)
 M - a wand of acid (2)
Scrolls
 f - 3 scrolls of blinking {unknown}
 i - 2 scrolls of amnesia {unknown}
 o - 3 scrolls of enchant weapon {unknown}
 s - a scroll of poison
 v - 4 scrolls of enchant armour {unknown}
 w - 2 scrolls of fog {unknown}
 x - 2 scrolls of immolation {unknown}
 z - 7 scrolls of teleportation {unknown}
 E - 2 scrolls of noise {unknown}
 F - a scroll of torment {unknown}
 G - 3 scrolls of fear {unknown}
 K - 2 scrolls of magic mapping {unknown}
 O - a scroll of brand weapon
Potions
 e - a potion of berserk rage
 g - a potion of flight
 h - 5 potions of curing
 j - 2 potions of resistance
 p - 2 potions of lignification
 H - 3 potions of brilliance
 I - 2 potions of cancellation
 J - 3 potions of might
 Q - a potion of heal wounds
 S - a potion of mutation {unknown}
Miscellaneous
 N - a phantom mirror


   Skills:
 + Level 11.4(16.4) Fighting
 + Level 14.9(19.9) Long Blades
 + Level 11.4(16.4) Armour
 + Level 3.4(8.4) Dodging
 + Level 1.5(6.5) Stealth
 + Level 9.3(14.3) Shields
 + Level 2.1 Invocations
 + Level 1.5 Evocations


You had 11 spell levels left.
You didn't know any spells.
Your spell library contained the following spells:

 Spells                   Type           Power      Damage    Failure   Level
 Magic Dart               Conj           0%         1d3       99%         1
 Poisonous Vapours        Pois/Air       0%         N/A       100%        2
 Searing Ray              Conj           0%         2d4       100%        2
 Static Discharge         Conj/Air       0%         2-2/arc   100%        2
 Inner Flame              Hex/Fire       0%         N/A       100%        3
 Mephitic Cloud           Conj/Pois/Air  0%         N/A       100%        3
 Stone Arrow              Conj/Erth      0%         3d7       100%        3
 Airstrike                Air            0%         2d(0-16)  100%        4
 Fulminant Prism          Conj/Hex       0%         3d5       100%        4
 Manifold Assault         Tloc           0%         N/A       100%        4
 Passage of Golubria      Tloc           0%         N/A       100%        4
 Petrify                  Tmut/Erth      0%         N/A       100%        4
 Freezing Cloud           Conj/Ice/Air   0%         6-21      100%        5
 Metabolic Englaciation   Hex/Ice        0%         N/A       100%        5
 Silence                  Hex/Air        0%         N/A       100%        5
 Yara's Violent Unravell  Hex/Tmut       0%         3d3       100%        5
 Dispersal                Tloc           0%         N/A       100%        6
 Statue Form              Tmut/Erth      0%         N/A       100%        6
 Enfeeble                 Hex            0%         N/A       100%        7
 Disjunction              Tloc           0%         N/A       100%        8
 Lehudib's Crystal Spear  Conj/Erth      0%         10d2      100%        8
 Animate Armour           Summ/Erth      Unusable   N/A       N/A         4
 Summon Lightning Spire   Summ/Air       Unusable   N/A       N/A         4

Dungeon Overview and Level Annotations

Branches:
Dungeon (12/15)            Temple (1/1) D:5            Lair (0/5) D:10
    Orc (0/2) D:11

Altars:
Dithmenos
Fedhas
Gozag
Hepliaklqana
Kikubaaqudgha
Okawaru
Ru
Sif Muna
Trog
Uskayaw
Vehumet
Wu Jian
Yredelemnul
Zin
The Shining One

Shops:
D:1 *   D:8 *   D:9 [


Innate Abilities, Weirdness & Mutations

You have a pair of horns on your head.
You reflexively headbutt those who attack you in melee.


Message History

* * * LOW HITPOINT WARNING * * *
You slash the cyan ugly thing! You freeze the cyan ugly thing.
The cyan ugly thing is moderately wounded.
The cyan ugly thing claws you.
* * * LOW HITPOINT WARNING * * *
The cyan ugly thing shocks you!
* * * LOW HITPOINT WARNING * * *
You slice the cyan ugly thing!! You freeze the cyan ugly thing.
The cyan ugly thing is severely wounded.
You hit the cyan ugly thing. You freeze the cyan ugly thing.
Your headbutt misses the cyan ugly thing.
The cyan ugly thing is severely wounded.
You block the cyan ugly thing's attack.
You slash the cyan ugly thing! You freeze the cyan ugly thing.
The cyan ugly thing is almost dead.
The cyan ugly thing completely misses you.
You feel much better. The cyan ugly thing barely misses you.
You feel more confident with your borrowed prowess.
The cyan ugly thing claws you but does no damage.
You slash the cyan ugly thing! You freeze the cyan ugly thing.
The cyan ugly thing is almost dead.
You block the cyan ugly thing's attack.
You hit the cyan ugly thing. You freeze the cyan ugly thing.
You kill the cyan ugly thing!
Okawaru is honoured by your kill.
You start resting.
You feel like a meek peon again.
You start resting.
A frost giant comes into view.
It is wielding a +0 battleaxe of freezing.
You gain the combat prowess of a mighty hero.
The frost giant shouts!
The frost giant hits you with a +0 battleaxe of freezing!!
* * * LOW HITPOINT WARNING * * *
The frost giant freezes you!
* * * LOW HITPOINT WARNING * * *
You slice the frost giant!! You freeze the frost giant.
The frost giant is moderately wounded.
The frost giant gestures at you while chanting.
The bolt of cold hits you!!
You die...

.#........#
##........#####
..............####
..................
##.....^........###
................#.#
...^........#.###.#
.^..^.^.....#.#.#C#
...^^^..^......#@#.#
........^......#.#.#
......^...^....###.#
.....(........... .#
...^........#....###
...^.......^+......
............#.......
...^........#.......
......^.#####


You could see a frost giant.

Vanquished Creatures
  6 two-headed ogres
  Urug (D:10)
  Nergalle (D:12)
  An orc knight (D:10)
  An ugly thing (D:12)
  A manticore (D:11)
  A cyclops (D:12)
  Maggie (D:9)
  A kobold demonologist (D:9)
  A hornet (D:10)
  A slime creature (D:6)
  A vampire (D:12)
  2 shadows
  3 wyverns
  A wraith (D:10)
  12 yaks
  3 vampire mosquitoes (D:10)
  A water moccasin (D:8)
  15 orc warriors
  2 centaurs
  2 ogres
  A kobold brigand (D:8)
  6 bullfrogs
  A gnoll sergeant (D:9)
  4 scorpions
  20 wights
  16 killer bees
  2 electric eels (D:11)
  2 howler monkeys (D:10)
  4 hounds
  6 jellies (D:6)
  9 orc priests
  3 gnoll boudas
  A sleepcap (D:6)
  3 iguanas
  10 orc wizards
  Robin (D:2)
  24 gnolls
  10 adders
  2 shadow imps (D:7)
  3 worms
  3 dart slugs
  69 orcs
  3 bats
  21 endoplasms
  4 giant cockroaches
  13 goblins
  5 hobgoblins
  10 kobolds
  3 quokkas
  7 ball pythons
  2 frilled lizards
  10 rats
336 creatures vanquished.

Notes
Turn   | Place    | Note
-------+----------+-------------------------------------------
     0 | D:1      | Peloso the Minotaur Fighter began the quest for the Orb.
     0 | D:1      | Reached XP level 1. HP: 19/19 MP: 0/0
   196 | D:1      | Found Qinowued's Assorted Antiques.
   232 | D:1      | Bought a fizzy clear potion for 14 gold pieces
   232 | D:1      | Bought a golden potion for 14 gold pieces
   232 | D:1      | Bought a scroll labelled HEK RE VUME for 16 gold pieces
   588 | D:1      | Reached XP level 2. HP: 27/27 MP: 1/1
   894 | D:2      | Reached skill level 3 in Long Blades
   905 | D:2      | Reached XP level 3. HP: 22/33 MP: 2/2
   999 | D:2      | Noticed Robin
  1009 | D:2      | Killed Robin
  1539 | D:2      | Reached XP level 4. HP: 41/41 MP: 3/3
  1722 | D:1      | Bought a scroll labelled QAACU HOLA for 16 gold pieces
  1722 | D:1      | Bought a scroll labelled RAUNAE WUNOE for 16 gold pieces
  1959 | D:3      | Reached skill level 4 in Long Blades
  1983 | D:3      | Identified the +0 scale mail of Ralaad {Dex+3}
  2678 | D:4      | Reached XP level 5. HP: 45/47 MP: 4/4
  2787 | D:3      | Reached skill level 5 in Long Blades
  2845 | D:4      | Reached skill level 1 in Dodging
  2920 | D:4      | Noticed an ogre
  2935 | D:4      | Killed an ogre
  2936 | D:4      | Reached skill level 5 in Armour
  2936 | D:4      | Reached XP level 6. HP: 53/53 MP: 5/5
  3069 | D:4      | Reached skill level 6 in Long Blades
  3652 | D:5      | Entered Level 5 of the Dungeon
  3675 | D:4      | Reached XP level 7. HP: 45/60 MP: 6/6
  3878 | D:5      | Reached skill level 7 in Long Blades
  3886 | D:5      | Reached skill level 5 in Fighting
  4249 | D:5      | Found a staircase to the Ecumenical Temple.
  4258 | Temple   | Entered the Ecumenical Temple
  4290 | Temple   | Became a worshipper of Warmaster Okawaru
  4377 | D:5      | Found a glowing silver altar of Zin.
  4746 | D:6      | Found an opulent altar of Gozag.
  4746 | D:6      | Found a radiant altar of Vehumet.
  4746 | D:6      | Found an ornate altar of the Wu Jian Council.
  4892 | D:6      | Reached skill level 8 in Long Blades
  4892 | D:6      | Reached skill level 5 in Shields
  4892 | D:6      | Reached XP level 8. HP: 69/69 MP: 7/7
  4930 | D:6      | Noticed a slime creature
  4942 | D:6      | Killed a slime creature
  4961 | D:6      | Reached skill level 1 in Stealth
  5140 | D:6      | Reached * piety under Okawaru
  5363 | D:6      | Reached skill level 9 in Long Blades
  5895 | D:7      | Reached XP level 9. HP: 57/77 MP: 5/8
  6187 | D:7      | Reached skill level 10 in Long Blades
  6335 | D:7      | You fall into a shaft and drop 2 floors!
  6731 | D:8      | Reached ** piety under Okawaru
  6781 | D:8      | Reached skill level 11 in Long Blades
  6879 | D:8      | Identified the +3 dagger of Zisu {freeze, rF+ Str+2 Int+2
                  | Stlth+}
  6896 | D:8      | Noticed a two-headed ogre
  6936 | D:8      | Killed a two-headed ogre
  7075 | D:8      | Found Fiogi's General Store.
  7143 | D:8      | Reached skill level 12 in Long Blades
  7143 | D:8      | Reached XP level 10. HP: 84/88 MP: 9/9
  7934 | D:9      | Noticed a two-headed ogre
  7944 | D:9      | Killed a two-headed ogre
  7944 | D:9      | Reached *** piety under Okawaru
  7969 | D:9      | Noticed Maggie
  7976 | D:9      | Killed Maggie
  8276 | D:9      | Found Piboc's Armour Boutique.
  8473 | D:9      | Reached skill level 13 in Long Blades
  8475 | D:9      | Reached **** piety under Okawaru
  8580 | D:10     | Entered Level 10 of the Dungeon
  8580 | D:10     | Noticed a two-headed ogre
  8590 | D:10     | Killed a two-headed ogre
  8591 | D:10     | Reached skill level 10 in Armour
  8591 | D:10     | Reached skill level 1 in Invocations
  8591 | D:10     | Reached XP level 11. HP: 65/99 MP: 5/10
  8969 | D:10     | Reached skill level 10 in Fighting
  9087 | D:10     | Found a staircase to the Lair.
  9513 | D:10     | Reached ***** piety under Okawaru
  9632 | D:10     | Noticed Urug
  9652 | D:10     | Killed Urug
  9653 | D:10     | Reached skill level 14 in Long Blades
  9928 | D:11     | Noticed a two-headed ogre
  9954 | D:10     | Killed a two-headed ogre
  9954 | D:10     | Received a gift from Okawaru
 10182 | D:11     | Noticed a two-headed ogre
 10193 | D:11     | Killed a two-headed ogre
 10255 | D:11     | Noticed an orc knight
 10351 | D:10     | Killed an orc knight
 10784 | D:11     | Found a staircase to the Orcish Mines.
 11265 | D:11     | Noticed a two-headed ogre
 11273 | D:11     | Killed a two-headed ogre
 11274 | D:11     | Reached skill level 1 in Evocations
 11406 | D:12     | Noticed Nergalle
 11428 | D:12     | Killed Nergalle
 11601 | D:12     | Reached XP level 12. HP: 48/110 MP: 5/12
 11844 | D:12     | Noticed a frost giant
 11846 | D:12     | Killed from afar by a frost giant

Illustrated notes

Levels and vault maps discovered:
D:1:      dpeg_arrival_circle_labyrinth_c, layout_rooms, serial_shops, shop
D:2:      layout_loops_corners, uniq_robin
D:3:      layout_loops_corners
D:4:      layout_loops_ring
D:5:      wander_river, layout_basic, zin_treasury, minmay_temple_entry_trees,
          interstate_on_off
D:6:      lemuel_slime, layout_cave_pods, gammafunk_temple_overflow_forgotten,
          minmay_fountain_box
D:7:      layout_loops_ring, dreamdust_princess_corridor
D:8:      layout_loops_cross, serial_shops, shop, amcnicky_mini_pool_small
D:9:      layout_grid_maze, serial_shops, nicolae_shop_stone,
          supply_closet_lemuel, grunt_ministairs_15, uniq_maggie
D:10:     layout_roguey [special_room_orc], grunt_lair_entry_orc_guard_hut,
          uniq_urug
D:11:     layout_basic, david_orc_5
D:12:     minmay_chopped_fan, layout_irregular_city, minmay_holes, tgw_xom,
          uniq_nergalle
Temple:   regret_index_temple_mists

Skill      XL: |  1  2  3  4  5  6  7  8  9 10 11 |
---------------+----------------------------------+-----
Shields        | 4 5 6 7 9 |  9.3
Fighting       | 4 5 6 8 9 11 | 11.4
Long Blades    | 3 4 5 6 8 9 12 13 14 | 14.9
Armour         | 4 5 6 7 8 10 11 | 11.4
Dodging        | 1 2 3 |  3.4
Stealth        | 1 |  1.5
Invocations    | 1 2 |  2.1
Evocations     | 1 |  1.5

Action                     |  1- 3 |  4- 6 |  7- 9 | 10-12 || total
---------------------------+-------+-------+-------+-------++-------
  Melee: Long sword        |    86 |   141 |    62 |   471 ||   760
         Headbutt          |     9 |    32 |    62 |    94 ||   197
         Scimitar          |       |       |   261 |    23 ||   284
 Invoke: Heroism           |       |       |     5 |    12 ||    17
  Evoke: Wand              |       |       |     2 |     4 ||     6
    Use: Scroll            |     1 |       |       |    12 ||    13
         Potion            |       |     1 |       |     2 ||     3
 Armour: Scale mail        |    38 |    36 |    31 |       ||   105
         Plate armour      |       |       |    71 |   177 ||   248
  Dodge: Dodged            |    47 |   116 |   178 |   223 ||   564
  Block: Buckler           |    22 |    40 |    86 |   126 ||   274
